 Dungeon Crawl Stone Soup version 0.31.0-4-g52a2dc7128 (webtiles) character file.

Game seed: 17680037957161478323

85 Crownlay the Trooper (level 4, -1/37 (38) HPs)
             Began as a Djinni Monk on Jan 22, 2024.
             Frozen to death by an endoplasm (6 damage)
             ... on level 3 of the Dungeon.
             The game lasted 00:02:26 (1791 turns).

Crownlay the Trooper (Djinni Monk)                  Turns: 1791, Time: 00:02:27

HP:   -1/37 (38)    AC:  3    Str: 10    XL:     4   Next: 75%
Gold: 134           EV: 13    Int: 14    God:
                    SH:  0    Dex: 15

rFire   + + .        a - +0 hand axe
rCold   x . .        d - orb {light}
rNeg    . . .        b - +0 robe
rPois   ∞            (no helmet)
rElec   .            (no cloak)
rCorr   .            o - +0 pair of gloves
SInv    .            (boots unavailable)
Will    .....        (no amulet)
Stlth   +            h - ring of wizardry
HPRegen 0.26/turn    (no ring)
MPRegen 0.00/turn

%: wizardry (x1), infuse magic (-2 HP)
@: flying, glowing, lightly drained
A: sickness immunity, fire resistance 2, cold vulnerability 1, float, innate
caster, HP casting, extra vitality 1
a: no special abilities


You were on level 3 of the Dungeon.
You visited 1 branch of the dungeon, and saw 3 of its levels.

You collected 134 gold pieces.

Inventory:

Hand Weapons
 a - a +0 hand axe (weapon)
Armour
 b - a +0 robe (worn)
 d - an orb of light (worn)
 o - a +0 pair of gloves (worn)
Jewellery
 h - a ring of wizardry (left hand)
 n - a +6 ring of intelligence
Scrolls
 j - a scroll of poison {unknown}
 k - a scroll of butterflies {unknown}
 m - 3 scrolls of blinking {unknown}
Potions
 c - a potion of ambrosia
 e - a potion of cancellation {unknown}
 f - a potion of curing {unknown}
 g - 2 potions of attraction {unknown}
 i - 2 potions of might {unknown}
 l - a potion of berserk rage {unknown}


   Skills:
 * Level 4.5 Fighting
 - Level 2.4 Axes
 - Level 3.2 Dodging
 + Level 1.5 Spellcasting
 + Level 1.5 Conjurations
 + Level 1.5 Hexes
   Level 0.0 Charms
 + Level 1.5 Summonings
 + Level 1.5 Necromancy
 + Level 1.5 Translocations
   Level 0.0 Transmutations
 + Level 1.5 Fire Magic
 + Level 1.5 Ice Magic
 + Level 1.5 Air Magic
 + Level 1.5 Earth Magic
 + Level 1.5 Alchemy


You knew the following spells:

 Your Spells              Type           Power      Damage    Failure   Level
a - Kiss of Death         Conj/Necr      20%        2d7       6%          1
Your spell library was empty.

Dungeon Overview and Level Annotations

Branches:
Dungeon (3/15)

Altars:
Qazlal


Innate Abilities, Weirdness & Mutations

You are immune to sickness and miasma.
You are immune to poison.
Your flesh is very heat resistant. (rF++)
You are vulnerable to cold. (rC-)
You float through the air rather than walking.
You learn spells naturally, not from books.
Your magical power is your life essence.
You have superior vitality. (+4 MHP)


Message History

You are too injured to fight recklessly!
You are too injured to fight recklessly!
You are too injured to fight recklessly!
You are too injured to fight recklessly!
You are too injured to fight recklessly!
You are too injured to fight recklessly!
You are too injured to fight recklessly!
You are too injured to fight recklessly!
You are too injured to fight recklessly!
The black bear attacks as it pursues you!
The black bear bites you. The black bear claws you. x2
* * * LOW HITPOINT WARNING * * *
The endoplasm attacks as it pursues you!
The endoplasm hits you.
* * * LOW HITPOINT WARNING * * *
The endoplasm attacks as it pursues you!
The endoplasm hits you but does no damage.
The endoplasm attacks as it pursues you!
The endoplasm hits you but does no damage.
Found a leather armour.
The endoplasm jiggles.
There is an open door here.
You see here a ribbon worm corpse.
There is an open door here.
You hit the endoplasm.
The endoplasm is lightly wounded.
The endoplasm hits you.
You hit the endoplasm.
The endoplasm is moderately wounded.
The endoplasm freezes you.
You are frozen!
You feel a terrible chill!
* * * LOW HITPOINT WARNING * * *
The black bear bites you.
* * * LOW HITPOINT WARNING * * *
The black bear claws you but does no damage.
The black bear closely misses you.
You reach down and open the door.
The endoplasm freezes you.
You are frozen.
You feel a terrible chill!
You die...

......###..h....# #..###
#...†...###### .#
##............##
.................
######+##†##+###.
#.....#.....#
###.....#h....#
..######.'##'##J##+##+
.........#..#..†@.#..#
#.......##..#+###'#..######
#.#####..#..#.....#..#....#
#..'..+.._..+..+....#
##.#..#.....#..#..<.#
###..#+###'#..#....#
###..#.....#..#....#
#.'##+##†##'##'.####
#..#.....#.....###


You could see an endoplasm.

Vanquished Creatures
  2 adders
  2 dart slugs
  A ribbon worm (D:3)
  3 ball pythons
  4 bats
  7 endoplasms
  3 giant cockroaches
  7 goblins
  4 hobgoblins (D:1)
  6 jackals (D:1)
  3 kobolds
  6 quokkas
  A frilled lizard (D:1)
  3 rats
52 creatures vanquished.

Notes
Turn   | Place    | Note
-------+----------+-------------------------------------------
     0 | D:1      | Crownlay the Djinni Monk began the quest for the Orb.
     0 | D:1      | Reached XP level 1. HP: 20/20 MP: 0/0
    83 | D:1      | Reached XP level 2. HP: 23/25 MP: 0/0
   206 | D:1      | HP: 1/25 [hobgoblin (5)]
   348 | D:1      | Reached XP level 3. HP: 30/30 MP: 0/0
   348 | D:1      | Learned a level 1 spell: Kiss of Death
   373 | D:1      | Reached skill level 1 in Spellcasting
   373 | D:1      | Reached skill level 1 in Conjurations
   373 | D:1      | Reached skill level 1 in Hexes
   373 | D:1      | Reached skill level 1 in Summonings
   373 | D:1      | Reached skill level 1 in Necromancy
   373 | D:1      | Reached skill level 1 in Translocations
   373 | D:1      | Reached skill level 1 in Fire Magic
   373 | D:1      | Reached skill level 1 in Ice Magic
   373 | D:1      | Reached skill level 1 in Air Magic
   373 | D:1      | Reached skill level 1 in Earth Magic
   373 | D:1      | Reached skill level 1 in Alchemy
   774 | D:1      | Found a faded altar of an unknown god.
   881 | D:2      | Reached skill level 4 in Fighting
   943 | D:2      | Reached XP level 4. HP: 30/34 MP: 0/0
  1529 | D:3      | Found a stormy altar of Qazlal.
  1747 | D:3      | Noticed a black bear
  1791 | D:3      | Frozen to death by an endoplasm

Illustrated notes

Levels and vault maps discovered:
D:1:      lightli_arrival_statue_moat, layout_basic,
          shapermc_ecumenical_altar_mp_vishouse
D:2:      layout_rooms, amethyst_killhole, grunt_ministairs_12
D:3:      layout_rooms, mainiacjoe_overflow_24_doors, uniq_sigmund

Skill      XL: |  1  2  3 |
---------------+----------+-----
Spellcasting   | 1 |  1.5
Conjurations   | 1 |  1.5
Hexes          | 1 |  1.5
Summonings     | 1 |  1.5
Necromancy     | 1 |  1.5
Translocations | 1 |  1.5
Fire Magic     | 1 |  1.5
Ice Magic      | 1 |  1.5
Air Magic      | 1 |  1.5
Earth Magic    | 1 |  1.5
Alchemy        | 1 |  1.5
Fighting       | 4 |  4.5
Axes           | |  2.4
Dodging        | |  3.2

Action                     |  1- 3 |  4- 6 || total
---------------------------+-------+-------++-------
  Melee: Hand axe          |   103 |    79 ||   182
   Cast: Kiss of Death     |     1 |       ||     1
 Armour: Robe              |    54 |    61 ||   115
  Dodge: Dodged            |    87 |    63 ||   150
